 Dungeon Crawl Stone Soup version 0.30-a0-1085-g990a428a5c (webtiles) character file.

Game seed: 8481078858189814084

84 jimonade the Grasshopper (level 4, 0/40 HPs)
             Began as a Naga Warper on Apr 16, 2023.
             Slain by a goblin
             ... wielding a +0 dagger
             ... led by Robin
              (2 damage)
             ... on level 2 of the Dungeon.
             The game lasted 00:03:41 (1545 turns).

jimonade the Grasshopper (Naga Warper)              Turns: 1545, Time: 00:03:42

Health: 0/40       AC:  4    Str: 13    XL:     4   Next: 45%
Magic:  7/7        EV:  9    Int: 13    God:
Gold:   75         SH:  0    Dex: 13    Spells: 7/7 levels left

rFire   . . .      SeeInvis +    a - +0 rapier (freeze)
rCold   . . .      Faith    .    (no shield)
rNeg    . . .      Spirit   .    b - +1 leather armour
rPois   +          Reflect  .    (no helmet)
rElec   .          Rampage  .    (no cloak)
rCorr   .                        (no gloves)
Will    .....                    (no barding)
Stlth   +                        (no amulet)
HPRegen 0.26/turn                (no ring)
MPRegen 0.10/turn                (no ring)

@: weak-willed, very slow
A: AC +1, large, see invisible, deformed body, poison resistance, slowness 2,
spit poison 1, naga tail 1
a: Spit Poison


You were on level 2 of the Dungeon.
You visited 1 branch of the dungeon, and saw 2 of its levels.

You collected 75 gold pieces.

Inventory:

Hand Weapons
 a - a +0 rapier of freezing (weapon)
 n - a +0 falchion
Missiles
 d - 7 boomerangs of dispersal
 l - 2 boomerangs
Armour
 b - a +1 leather armour (worn)
 o - an orb of energy
Wands
 m - a wand of polymorph (7)
Scrolls
 c - a scroll of blinking
 h - 2 scrolls of identify
 i - 2 scrolls of poison
 k - a scroll of summoning


   Skills:
 + Level 2.3 Fighting
 + Level 2.4 Long Blades
 + Level 0.8 Throwing
 + Level 2.0 Armour
 + Level 2.0 Dodging
 + Level 2.2 Spellcasting
 + Level 3.4 Translocations


You had 7 spell levels left.
You didn't know any spells.
Your spell library contained the following spells:

 Spells                   Type           Power      Damage    Failure   Level
 Blink                    Tloc           20%        N/A       12%         2
 Lesser Beckoning         Tloc           20%        N/A       12%         2
 Teleport Other           Tloc           10%        N/A       22%         3
 Vhi's Electric Charge    Tloc/Air       10%        N/A       43%         3
 Manifold Assault         Tloc           10%        N/A       58%         4


Dungeon Overview and Level Annotations

Branches:
Dungeon (2/15)

Altars:

Annotations:
D:2 Robin


Innate Abilities, Weirdness & Mutations

Your serpentine skin is tough. (AC +1)
You have supernaturally acute eyesight. (SInv)
Armour fits poorly on your strangely shaped body.
Your system is resistant to poisons. (rPois)
You cover ground very slowly.
You can spit poison.
You have a snake-like lower body.


Message History

You kill the goblin!
Robin roars a battlecry!
The goblins go into a battle-frenzy!
You barely miss the goblin. The goblin barely misses you.
You closely miss the goblin.
You have got your breath back.
The goblin hits you with a +0 club.
You closely miss the goblin.
The goblin hits you but does no damage. x2
You hit the goblin. You freeze the goblin.
You kill the goblin!
You closely miss the goblin. The goblin hits you with a +0 dagger.
You hit the goblin. You freeze the goblin.
You kill the goblin!
You closely miss the goblin. The goblin hits you with a +0 dagger.
You hit the goblin but do no damage. The goblin hits you but does no damage.
Robin throws the goblin at you!
You closely miss the goblin. The goblin barely misses you. x2
You hit the goblin. You freeze the goblin.
The goblin is severely wounded.
The goblin hits you with a +0 club. The goblin hits you with a +0 dagger.
You barely miss the goblin.
The goblin is severely wounded.
The goblin hits you with a +0 club. The goblin hits you with a +0 dagger.
The goblin hits you with a +0 club.
* * * LOW HITPOINT WARNING * * *
The goblin hits you with a +0 dagger.
* * * LOW HITPOINT WARNING * * *
You are too injured to fight recklessly!
You are too injured to fight recklessly!
You are too injured to fight recklessly!
You hit the goblin. You freeze the goblin.
You kill the goblin!
The goblin hits you with a +0 dagger.
* * * LOW HITPOINT WARNING * * *
Your Armour skill increases to level 2!
You completely miss the goblin.
The goblin is severely wounded.
The hobgoblin no longer looks unusually strong.
Robin throws the goblin at you! The goblin hits you with a +0 dagger.
You die... ..ggg##.# $ggggg.g#

##.# ##
######### #gg#
.# #.......#
#g## .#
##.......#
###g# .#
#.....####
#gg§# .#
#.....# #)###
.####.....#
#@#
..........#
#g#
.####.....#
###.# ##
#.....####...#
#)######...###
#........###
#####..###
#......#
#.###..#


You could see Robin, 2 hobgoblins and 3 goblins.

Vanquished Creatures
  Terence (D:2)
  An adder (D:2)
  4 worms (D:2)
  A dart slug (D:1)
  3 ball pythons
  5 endoplasms
  A giant cockroach (D:2)
  10 goblins
  3 hobgoblins
  A quokka (D:1)
  A bat (D:2)
  A frilled lizard (D:2)
  2 kobolds (D:2)
  3 rats
37 creatures vanquished.

Notes
Turn   | Place    | Note
-------+----------+-------------------------------------------
     0 | D:1      | jimonade the Naga Warper began the quest for the Orb.
     0 | D:1      | Reached XP level 1. HP: 19/19 MP: 3/3
   336 | D:1      | Reached XP level 2. HP: 18/26 MP: 5/5
   714 | D:2      | Reached XP level 3. HP: 28/32 MP: 6/6
   770 | D:2      | Reached skill level 1 in Armour
  1173 | D:2      | Noticed Terence
  1186 | D:2      | Killed Terence
  1187 | D:2      | Reached XP level 4. HP: 39/39 MP: 7/7
  1512 | D:2      | Noticed Robin
  1544 | D:2      | HP: 2/40 [goblin/+0 dagger[Robin] (1)]
  1545 | D:2      | Slain by a goblin

Illustrated notes

Levels and vault maps discovered:
D:1:      onia_arrival_pentagram, layout_basic, minmay_pentomino_t2
D:2:      layout_basic, serial_curves, eino_curves_01, eino_curves_01,
          uniq_jessica, uniq_robin, uniq_terence

Skill      XL: |  1  2  3  4 |
---------------+-------------+-----
Armour         | 1 2 |  2.0
Dodging        | 2 |  2.0
Fighting       | |  2.3
Long Blades    | |  2.4
Throwing       | |  0.8
Spellcasting   | |  2.2
Translocations | |  3.4

Action                     |  1- 3 |  4- 6 || total
---------------------------+-------+-------++-------
  Melee: Falchion          |    68 |    12 ||    80
         Punch             |     1 |       ||     1
         Rapier            |       |    16 ||    16
Ability: Spit Poison       |    16 |     8 ||    24
    Use: Scroll            |       |     6 ||     6
 Armour: Leather armour    |     8 |    10 ||    18
         Skin              |     8 |       ||     8
  Dodge: Dodged            |    18 |    22 ||    40

Table legend: (Time is in decaauts)
 A = Elapsed time spent in this place.
 B = Non-inter-level travel time spent in this place.
 C = Inter-level travel time spent in this place.
 D = Time resting spent in this place.
 E = Time spent auto-exploring this place.
 F = Levels seen in this place.
 G = Mean time per level.
                   A        B        C        D        E       F      G
               +--------+--------+--------+--------+--------+-----+--------+
         Total |   1962 |   1955 |      7 |      0 |   1521 |   2 |  981.0 |
       Dungeon |   1962 |   1955 |      7 |      0 |   1521 |   2 |  981.0 |
               +--------+--------+--------+--------+--------+-----+--------+

Top non-repeatable levels by time:
     D:2: 1046 daAuts
     D:1: 915 daAuts
